 Dungeon Crawl Stone Soup version 0.30.0-10-gfe55d96785 (webtiles) character file.

Game seed: 1042295381386472710

254 Hubris850 the Chopper (level 5, -7/41 HPs)
             Began as a Demonspawn Gladiator on May 15, 2023.
             Mangled by Maggie
             ... wielding a +3 heavy scimitar
              (19 damage)
             ... on level 7 of the Dungeon.
             The game lasted 00:07:44 (3534 turns).

Hubris850 the Chopper (Demonspawn Gladiator)        Turns: 3534, Time: 00:07:45

Health: -7/41      AC: 13    Str: 12 (14) XL:     5   Next: 90%
Magic:  5/5        EV:  6    Int: 10 (12) God:
Gold:   170        SH:  0    Dex: 13 (14) Spells: 4/4 levels left

rFire   + . .        z - +1 broad axe
rCold   + . .        (no shield)
rNeg    . . .        g - +0 chain mail
rPois   +            c - +0 helmet
rElec   +            x - +0 cloak
rCorr   +            w - +0 pair of gloves
SInv    +            (no boots)
Will    +....        (no amulet) Stlth
                     p - ring of see invisible
HPRegen 0.26/turn    n - ring of willpower
MPRegen 0.18/turn

%: no passive effects
@: resistant, hasted, very quick
A: icy blue scales 1, magic regeneration
a: no special abilities


You were on level 7 of the Dungeon.
You visited 1 branch of the dungeon, and saw 5 of its levels.

You collected 170 gold pieces.

Inventory:

Hand Weapons
 a - a +0 war axe
 r - the +1 hand axe "Wiff" {heavy, rElec SInv}
   (You found it on level 2 of the Dungeon)

   rElec:     It insulates you from electricity.
   SInv:      It lets you see invisible.
 z - a +1 broad axe (weapon)
Missiles
 d - 3 throwing nets (quivered)
 e - a javelin
 s - 7 poisoned darts
Armour
 b - a +0 leather armour
 c - a +0 helmet (worn)
 g - a +0 chain mail (worn)
 w - a +0 pair of gloves (worn)
 x - a +0 cloak (worn)
Jewellery
 n - a ring of willpower (right hand)
 p - a ring of see invisible (left hand)
Scrolls
 i - a scroll of teleportation
 k - 2 scrolls of poison
Potions
 f - 6 potions of curing
 h - a potion of lignification {unknown}
 j - a potion of might {unknown}
 m - a potion of flight
 o - a potion of degeneration


   Skills:
 - Level 3.0 Fighting
 + Level 4.3 Axes
 + Level 3.8 Throwing
 - Level 3.0 Dodging


You had 4 spell levels left.
You didn't know any spells.
Your spell library contained the following spells:

 Spells                   Type           Power      Damage    Failure   Level
 Apportation              Tloc           0%         N/A       100%        1
 Necrotise                Necr           0%         1d4       100%        1
 Summon Small Mammal      Summ           0%         N/A       100%        1


Dungeon Overview and Level Annotations

Branches:
Dungeon (4/15)
 Temple: D:4-7

Altars:
Gozag
Kikubaaqudgha
Ru
Sif Muna
Trog
Vehumet

Shops:
D:1 :

Annotations:
D:7 Maggie


Innate Abilities, Weirdness & Mutations

You are partially covered in icy blue scales. (AC +2)
You regenerate magic rapidly.


Message History

Maggie the Vainglorious comes into view.
She is wielding a +3 heavy scimitar and carrying a wand of flame (17).
It was a potion of haste.
You feel yourself speed up.
You feel protected.
An ogre comes into view. It is wielding a +0 giant club.
Maggie hits you with a +3 heavy scimitar!
You hit Maggie but do no damage. You barely miss Maggie.
Maggie hits you but does no damage.
You barely miss Maggie.
Maggie hits you with a +3 heavy scimitar!
You slash Maggie!
Maggie is moderately wounded.
You barely miss Maggie.
Maggie is moderately wounded.
Maggie hits you with a +3 heavy scimitar!!
Ouch! That really hurt!
* * * LOW HITPOINT WARNING * * *
You barely miss Maggie.
Maggie is moderately wounded.
You closely miss Maggie.
Maggie is moderately wounded.
Maggie zaps a wand.
The puff of flame hits you. You resist.
* * * LOW HITPOINT WARNING * * *
You feel better.
Maggie hits you with a +3 heavy scimitar.
You feel better.
You hit Maggie but do no damage.
Maggie is moderately wounded.
Maggie practices a pose.
Maggie hits you with a +3 heavy scimitar!
* * * LOW HITPOINT WARNING * * *
You barely miss Maggie.
Maggie is moderately wounded.
You closely miss Maggie.
Maggie is moderately wounded.
Maggie zaps a wand.
The puff of flame hits you but does no damage.
You barely miss Maggie.
Maggie is moderately wounded.
Maggie hits you with a +3 heavy scimitar!!
You die...

#.# #.#
#.# #..
##.####
.O...#
#@##.#
#@##.#
#....#
###..#
#..#
#......#
#####.##
#.# #..
###


You could see Maggie and an ogre.

Vanquished Creatures
  2 orc priests
  An orc wizard (D:3)
  3 adders
  4 gnolls
  4 dart slugs
  7 orcs
  8 ball pythons
  7 endoplasms
  A giant cockroach (D:3)
  7 goblins
  9 hobgoblins
  9 jackals (D:1)
  4 kobolds
  4 quokkas
  4 bats
  4 frilled lizards
  9 rats
87 creatures vanquished.

Notes
Turn   | Place    | Note
-------+----------+-------------------------------------------
     0 | D:1      | Hubris850 the Demonspawn Gladiator began the quest for the
                  | Orb.
     0 | D:1      | Reached XP level 1. HP: 16/16 MP: 1/1
    64 | D:1      | Found a faded altar of an unknown god.
    96 | D:1      | Gained mutation: You are partially covered in icy blue
                  | scales. (AC +2) [demonic ancestry]
    96 | D:1      | Reached XP level 2. HP: 20/22 MP: 2/2
   364 | D:1      | Reached skill level 3 in Axes
   418 | D:1      | Found Apno's Book Boutique.
   426 | D:1      | Reached XP level 3. HP: 24/28 MP: 3/3
  1585 | D:2      | Reached XP level 4. HP: 31/34 MP: 4/4
  1636 | D:2      | Identified the +1 hand axe "Wiff" {heavy, rElec SInv}
  2615 | D:3      | Gained mutation: You regenerate magic rapidly. [demonic
                  | ancestry]
  2615 | D:3      | Reached XP level 5. HP: 28/41 MP: 5/5
  2619 | D:3      | Reached skill level 4 in Axes
  3181 | D:4      | Found a shimmering blue altar of Sif Muna.
  3182 | D:4      | Found an ancient bone altar of Kikubaaqudgha.
  3183 | D:4      | Found a radiant altar of Vehumet.
  3495 | D:4      | Found a sacrificial altar of Ru.
  3495 | D:4      | Found a faded altar of an unknown god.
  3502 | D:4      | Found a bloodstained altar of Trog.
  3504 | D:4      | Found a faded altar of an unknown god.
  3505 | D:4      | Found an opulent altar of Gozag.
  3514 | D:4      | You fall into a shaft and drop 3 floors!
  3516 | D:7      | Noticed Maggie
  3521 | D:7      | Noticed an ogre
  3534 | D:7      | Mangled by Maggie

Illustrated notes

Levels and vault maps discovered:
D:1:      nicolae_arrival_washed_ashore, layout_loops_corners,
          chequers_ecumenical_altar_simple, serial_shops,
          nicolae_lakefront_shop, minmay_shallow_snake_nest
D:2:      layout_basic, minmay_misc_feat_roman
D:3:      layout_basic
D:4:      layout_rooms, grunt_temple_overflow_magic_moments,
          chequers_temple_overflow_minitemple, minmay_misc_feat_rugged,
          dk_noncrumbling_4
D:7:      layout_loops_cross, nicolae_tso_besieged_by_evil,
          nicolae_dithmenos_through_a_glass_darkly,
          mainiacjoe_overflow_alcove_4, serial_shops,
          nicolae_shop_tiny_statue_garden, uniq_maggie

Skill      XL: |  1  2  3  4  5 |
---------------+----------------+-----
Throwing       | 2 3 |  3.8
Axes           | 3 4 |  4.3
Dodging        | 3 |  3.0
Fighting       | 3 |  3.0

Action                     |  1- 3 |  4- 6 || total
---------------------------+-------+-------++-------
  Melee: War axe           |   116 |    66 ||   182
         Punch             |     1 |     1 ||     2
         Broad axe         |       |    47 ||    47
    Use: Scroll            |       |     8 ||     8
         Potion            |       |     7 ||     7
   Stab: Sleeping          |     2 |       ||     2
 Armour: Leather armour    |     2 |       ||     2
         Chain mail        |   111 |    73 ||   184
  Dodge: Dodged            |    57 |    60 ||   117
